Map: Ulrena

Players

Miszu

  • Race: Terran Terran
  • League: Master

prabuty - Winner!

  • Race: Protoss Protoss
  • League: Master

VOD

Have the link to the VOD?

Description

Time

  • Played on: May 3, 2016, 1:15 p.m.
  • Length: 3:45
Show
View Real Time Build Order
Export as new Build Order

Miszu Terran 

Build Orders:  

Get SALT Encoding   

  12  0:00  SCV  
  13  0:12  SCV  
  14  0:18  Supply Depot  
  14  0:25  SCV  
  15  0:40  Barracks  
  15  0:52  Barracks  
  15  1:05  Barracks  
  15  1:26  Marine  
  16  1:36  Barracks  
  16  1:39  Marine  
  17  1:43  Supply Depot  
  17  1:46  Marine  
  18  1:52  Marine  
  19  1:57  Marine  
  20  2:03  Marine  
  20  2:10  Marine  
  20  2:16  Marine  
  20  2:21  Marine  
  21  2:24  Marine  
  21  2:28  Marine  
  23  2:34  Marine  
  23  2:39  Marine  
  23  2:42  Marine  
  25  2:46  Marine  
  25  2:51  Marine  
  25  2:57  Marine  
  25  3:02  Marine  
  25  3:03  Marine  
  25  3:09  Marine  
  24  3:15  Marine  
  20  3:20  Marine  
  20  3:21  Marine  
Show
View Real Time Build Order
Export as new Build Order

prabuty Protoss - Winner!

Build Orders:  

Get SALT Encoding   

  12  0:02  Probe (Chrono Boost)  
  13  0:13  Probe (Chrono Boost)  
  14  0:20  Pylon  
  14  0:23  Probe (Chrono Boost)  
  15  0:38  Probe (Chrono Boost)  
  15  0:39  Gateway  
  15  0:42  Assimilator  
  16  0:48  Probe (Chrono Boost)  
  17  0:56  Assimilator  
  17  0:59  Probe (Chrono Boost)  
  17  1:03  Pylon  
  18  1:09  Probe (Chrono Boost)  
  19  1:20  Probe (Chrono Boost)  
  20  1:26  Zealot (Chrono Boost)  
  20  1:28  Cybernetics Core  
  20  1:30  Probe  
  23  1:43  Probe  
  24  1:47  Gateway  
  24  1:51  Zealot (Chrono Boost)  
  26  2:04  Mothership Core  
  30  2:16  Stalker (Chrono Boost)  
  28  2:37  Gateway  
  28  2:39  Stalker (Chrono Boost)  
  28  2:40  Pylon  
  28  2:42  Stalker (Chrono Boost)  
  30  2:58  Probe  
  21  3:09  Stalker (Chrono Boost)  
  20  3:28  Probe  
Tags
 
Add a new tag
Caveats
  • Supply blocks, unpowered buildings, or Contaminate may cause inaccurate times.
  • Supply counts are checked every 10 seconds.